 Dungeon Crawl Stone Soup version 0.32-a0-931-g5a2cda0630 (webtiles) character file.

Game seed: 13605639377750311120

307 hikkokomori the Covered (level 6, -3/53 HPs)
             Began as a Mountain Dwarf Fighter on Apr 13, 2024.
             Was an Initiate of Gozag.
             Incinerated by a bombardier beetle (6 damage)
             ... with a burning spray
             ... on level 4 of the Dungeon.
             The game lasted 00:04:31 (2965 turns).

hikkokomori the Covered (Mountain Dwarf Fighter)    Turns: 2965, Time: 00:04:32

Health: -3/53      AC:  8    Str: 19    XL:     6   Next: 16%
Magic:  6/6        EV: 14    Int: 10    God:    Gozag
Gold:   215        SH:  4    Dex: 11    Spells: 5/5 levels left

rFire   . . .        a - +0 war axe
rCold   . . .        c - +0 buckler
rNeg    . . .        n - +2 leather armour "Jitusubb" {+Blink Dex+2}
rPois   .            h - +2 helmet
rElec   .            (no cloak)
rCorr   +            (no gloves)
SInv    .            (no boots)
Will    .....        (no amulet)
Stlth   +            k - +5 ring of evasion
HPRegen 0.28/turn    m - ring of resist corrosion
MPRegen 0.10/turn

%: no passive effects
@: on fire, gold aura, glowing
A: runic magic, artefact enchanting
a: Renounce Religion, Evoke Blink, Potion Petition, Call Merchant, Bribe Branch


You were on level 4 of the Dungeon.
You worshipped Gozag.
Gozag was aware of your devotion.
You visited 1 branch of the dungeon, and saw 4 of its levels.

You collected 246 gold pieces.
You paid 31 gold pieces to Gozag.

Inventory:

Hand Weapons
 a - a +0 war axe (weapon)
 l - a +1 hammer of holy wrath
Missiles
 p - 4 silver javelins (quivered)
Armour
 b - a +0 scale mail
 c - a +0 buckler (worn)
 h - a +2 helmet (worn)
 n - the +2 leather armour "Jitusubb" (worn) {+Blink Dex+2}
   (You found it on level 3 of the Dungeon)

   Dex+2:     It affects your dexterity (+2).
   +Blink:    It lets you blink.
Jewellery
 k - a +5 ring of evasion (left hand)
 m - a ring of resist corrosion (right hand)
Scrolls
 e - 2 scrolls of fog
 f - a scroll of vulnerability {unknown}
 j - a scroll of poison
 o - a scroll of enchant armour {unknown}
 q - 2 scrolls of butterflies {unknown}
Potions
 d - a potion of might
 g - 3 potions of curing {unknown}
 i - a potion of attraction


   Skills:
 + Level 4.7 Fighting
 + Level 4.3 Axes
 + Level 4.7 Armour
 + Level 4.7 Shields


You had 5 spell levels left.
You didn't know any spells.
Your spell library was empty.

Dungeon Overview and Level Annotations

Branches:
Dungeon (4/15)
 Temple: D:4-7

Altars:
Gozag
Nemelex Xobeh

Annotations:
D:2 1 runed translucent door, Crazy Yiuf


Innate Abilities, Weirdness & Mutations

Your spellcasting is much less encumbered by armour.
You can use scrolls of enchantment on lesser artefacts.


Message History

You barely miss the bombardier beetle.
The bombardier beetle is severely wounded.
You hit the jackal. The liquid fire burns you! The jackal bites you.
The bombardier beetle bites you but does no damage.
You hit the bombardier beetle but do no damage.
The bombardier beetle is severely wounded.
You closely miss the hound. You hit the jackal.
You kill the jackal!
The liquid fire burns you! The hound barely misses you.
The hound bites you but does no damage.
The bombardier beetle bites you but does no damage.
You hit the bombardier beetle but do no damage.
The bombardier beetle is severely wounded.
You hit the hound. The liquid fire burns you! The hound closely misses you.
The hound barely misses you.
The bombardier beetle bites you but does no damage.
You hit the bombardier beetle.
The bombardier beetle is almost dead.
You hit the hound but do no damage. The liquid fire burns you!
The hound bites you but does no damage. The hound bites you.
* * * LOW HITPOINT WARNING * * *
You completely miss the bombardier beetle.
The bombardier beetle is almost dead.
You closely miss the hound. The liquid fire burns you!
* * * LOW HITPOINT WARNING * * *
The hound bites you.
* * * LOW HITPOINT WARNING * * *
The bombardier beetle barely misses you.
The hound barely misses you.
You barely miss the bombardier beetle.
The bombardier beetle is almost dead.
You hit the hound. The liquid fire burns you!
You die...
Your body crumbles into a pile of gold.

.... .... ..
##..##..^^ ###.
..##....#...
...........#
...........
.##..........
.............# ...
. #..Bh# #.# #.
#..@$# . ####..#
#..#.$$$# #.#
.....# ##.#....#
..# #...##
##.......###.#
##...#
#..(......#..#
##...#
#..####.......####
##...###..
###.........
#.......>#
##.........
........##
##.....###.


You could see a bombardier beetle and a hound.

Vanquished Creatures
  A black bear (D:4)
  An orc priest (D:3)
  A sleepcap (D:4)
  Robin (D:2)
  6 adders
  A dart slug (D:1)
  A ribbon worm (D:2)
  5 orcs
  7 ball pythons
  5 bats
  6 endoplasms
  9 goblins
  14 hobgoblins
  4 jackals (D:4)
  5 quokkas
  2 frilled lizards
  9 kobolds
  6 rats
84 creatures vanquished.

Notes
Turn   | Place    | Note
-------+----------+-------------------------------------------
     0 | D:1      | hikkokomori the Mountain Dwarf Fighter began the quest for
                  | the Orb.
     0 | D:1      | Reached XP level 1. HP: 19/19 MP: 1/1
   114 | D:1      | Reached XP level 2. HP: 13/26 MP: 2/2
   201 | D:1      | Found a faded altar of an unknown god.
   588 | D:1      | Reached XP level 3. HP: 32/33 MP: 3/3
  1271 | D:2      | Noticed Robin
  1278 | D:2      | Killed Robin
  1279 | D:2      | Reached XP level 4. HP: 38/40 MP: 4/4
  1832 | D:2      | Found a runed translucent door.
  1833 | D:2      | Noticed Crazy Yiuf
  2195 | D:3      | Identified the +2 leather armour "Jitusubb" {+Blink Dex+2}
  2298 | D:3      | Found an opulent altar of Gozag.
  2298 | D:3      | Found a sparkling altar of Nemelex Xobeh.
  2309 | D:3      | Became a worshipper of Gozag Ym Sagoz the Greedy
  2390 | D:3      | Reached XP level 5. HP: 46/46 MP: 5/5
  2702 | D:4      | Noticed a black bear
  2710 | D:4      | Killed a black bear
  2711 | D:4      | Reached XP level 6. HP: 48/53 MP: 6/6
  2965 | D:4      | Incinerated by a bombardier beetle

Illustrated notes

Levels and vault maps discovered:
D:1:      lightli_arrival_noodles, layout_loops_cross,
          ebering_ecumenical_altar_box, patterned_corridor
D:2:      layout_loops_corners, uniq_robin, uniq_crazy_yiuf_cottage
D:3:      layout_basic, grunt_temple_overflow_opulence
D:4:      layout_layer_cave, xom_teletrap_fun, kennysheep_cross_bottleneck,
          uniq_grinder, uniq_duvessa

Skill      XL: |  1  2  3  4  5 |
---------------+----------------+-----
Axes           | 3 4 |  4.3
Armour         | 4 |  4.7
Shields        | 4 |  4.7
Fighting       | 4 |  4.7

Action                     |  1- 3 |  4- 6 || total
---------------------------+-------+-------++-------
  Melee: War axe           |   140 |   125 ||   265
    Use: Scroll            |       |     7 ||     7
         Potion            |       |     1 ||     1
 Armour: Scale mail        |   126 |    52 ||   178
         Leather armour    |       |    25 ||    25
  Dodge: Dodged            |    69 |   102 ||   171
  Block: Buckler           |    28 |    19 ||    47

Table legend: (Time is in decaauts)
 A = Elapsed time spent in this place.
 B = Non-inter-level travel time spent in this place.
 C = Inter-level travel time spent in this place.
 D = Time resting spent in this place.
 E = Time spent auto-exploring this place.
 F = Levels seen in this place.
 G = Mean time per level.
                   A        B        C        D        E       F      G
               +--------+--------+--------+--------+--------+-----+--------+
         Total |   3071 |   3002 |     69 |      0 |   2338 |   4 |  767.8 |
       Dungeon |   3071 |   3002 |     69 |      0 |   2338 |   4 |  767.8 |
               +--------+--------+--------+--------+--------+-----+--------+

Top non-repeatable levels by time:
     D:1: 1006 daAuts
     D:2: 992 daAuts
     D:3: 676 daAuts
     D:4: 397 daAuts
